 Dungeon Crawl Stone Soup version 0.23.2-40-g277498a001 (webtiles) character file.

Game seed: 10015424624626089560

91 H0rd4k the Charlatan (level 4, -1/32 HPs)
             Began as a Human Artificer on Sept 6, 2019.
             Killed from afar by an orc wizard (12 damage)
             ... with a puff of frost
             ... on level 3 of the Dungeon.
             The game lasted 00:02:27 (2579 turns).

H0rd4k the Charlatan (Human Artificer)              Turns: 2579, Time: 00:02:27

Health: -1/32      AC:  5    Str: 13    XL:     4   Next: 88%
Magic:  7/7        EV: 12    Int: 11    God:
Gold:   140        SH:  0    Dex: 14    Spells: 3/3 levels left

rFire    . . .     SeeInvis .   s - +1 dagger (pain)
rCold    . . .     Gourm    .   (no shield)
rNeg     . . .     Faith    .   b - +0 leather armour
rPois    .         Spirit   .   q - +0 helmet
rElec    .         Reflect  .   (no cloak)
rCorr    .         Harm     .   (no gloves)
MR       .....                  w - +0 pair of boots
Stlth    ++........             (no amulet)
HPRegen  0.10/turn              (no ring)
MPRegen  0.10/turn              (no ring)

@: no status effects
A: no striking features
a: no special abilities


You were on level 3 of the Dungeon.
You were not hungry.

You visited 1 branch of the dungeon, and saw 3 of its levels.

You collected 140 gold pieces.

Inventory:

Hand Weapons
 a - a +0 short sword
 n - a +0 blowgun
 s - a +1 dagger of pain (weapon)
Missiles
 l - 5 javelins of penetration (quivered)
 r - 4 poisoned needles
Armour
 b - a +0 leather armour (worn)
 q - a +0 helmet (worn)
 w - a +0 pair of boots (worn)
Wands
 c - a wand of flame (8)
 d - a wand of enslavement (15)
 e - a wand of random effects (15)
Scrolls
 h - 2 scrolls of remove curse
 i - a scroll of noise {unknown}
 j - a scroll of fog {unknown}
 k - 4 scrolls of identify {unknown}
 o - a scroll of immolation {unknown}
 p - a scroll of enchant armour {unknown}
Potions
 g - 3 potions of flight {unknown}
 m - a potion of curing
 t - a potion of haste {unknown}
 u - 2 potions of cancellation {unknown}
Comestibles
 f - 3 rations


   Skills:
 + Level 1.5 Fighting
 + Level 1.3 Short Blades
 + Level 1.3 Armour
 + Level 2.3 Dodging
 + Level 1.5 Stealth
 + Level 4.2 Evocations


You had 3 spell levels left.
You didn't know any spells.
Your spell library was empty.

Dungeon Overview and Level Annotations

Branches:
Dungeon (3/15)

Altars:


Message History

The orc wizard flickers and vanishes!
Deactivating autopickup; reactivate with Ctrl-A.
You completely miss something. Something hits you but does no damage.
You barely miss something.
Something hits you but does no damage. x2
You hit something. Something barely misses you.
You closely miss something. Something hits you but does no damage.
You closely miss something. Something hits you but does no damage.
Something hits you.
You barely miss something. Something hits you but does no damage.
You hit something but do no damage. Something hits you but does no damage.
Something barely misses you.
You closely miss something. Something hits you but does no damage.
You hit something. Something hits you but does no damage.
You hit something but do no damage.
Something hits you but does no damage. x2
You barely miss something. Something hits you but does no damage.
You completely miss something.
You hear some strange, mumbled words.
A puff of frost appears from out of thin air!
The puff of frost hits you!
You die...

#...# #.(.### #...#.# #
#...#.##.#. #..........
#...#.#..#. #..##.#..#
...#.#####+###..##.#..#
......)@{...##..##.#..#.
##.#.#####..##..##.#..#.
....................
.##>..............#.
....................
.##.##..##...###.### #.
#.##.............. #.
#.##..##..#.#.####
#.##.##..##..#...####


There were no monsters in sight!

Vanquished Creatures
  3 adders (D:2)
  A worm (D:2)
  4 dart slugs
  A leopard gecko (D:2)
  3 orcs (D:3)
  2 giant cockroaches (D:2)
  5 goblins
  7 hobgoblins
  5 kobolds
  8 bats
  2 frilled lizards
  12 rats
53 creatures vanquished.

Notes
Turn   | Place    | Note
-------+----------+-------------------------------------------
     0 | D:1      | H0rd4k the Human Artificer began the quest for the Orb.
     0 | D:1      | Reached XP level 1. HP: 15/15 MP: 3/3
    73 | D:1      | Reached XP level 2. HP: 10/21 MP: 4/4
   455 | D:1      | Reached XP level 3. HP: 26/26 MP: 5/5
   798 | D:2      | Reached skill level 1 in Armour
   944 | D:2      | Reached skill level 4 in Evocations
  1047 | D:2      | Reached XP level 4. HP: 27/32 MP: 7/7
  2579 | D:3      | Killed from afar by an orc wizard

Skill      XL: |  1  2  3 |
---------------+----------+-----
Armour         | 1 |  1.3
Evocations     | 4 |  4.2
Fighting       | |  1.5
Short Blades   | |  1.3
Dodging        | |  2.3
Stealth        | |  1.5

Action                   |  1- 3 |  4- 6 || total
-------------------------+-------+-------++-------
Melee: Short sword       |    98 |     4 ||   102
       Dagger            |       |   110 ||   110
Evoke: Wand              |     1 |     6 ||     7
  Use: Scroll            |       |     1 ||     1
 Stab: Sleeping          |     1 |     2 ||     3
  Eat: Chunk             |     1 |     4 ||     5
Armor: Leather armour    |    14 |    27 ||    41
Dodge: Dodged            |    56 |    72 ||   128
